Map: Cyber Forest LE

Players

Smeeeger - Winner!

  • Race: Zerg Zerg
  • League: Platinum
  • Spawn Location: 5:00

Hadduken

  • Race: Terran Terran
  • League: Platinum
  • Spawn Location: 11:00

VOD

Have the link to the VOD?

Description

Time

  • Played on: July 21, 2019, 8:25 a.m.
  • Length: 13:47
Show
View Real Time Build Order
Export as new Build Order

Smeeeger Zerg - Winner!

Build Orders: Hatch First 

Get SALT Encoding   

  12  0:01  Drone  
  13  0:15  Overlord  
  13  0:23  Drone  
  14  0:33  Drone x2  
  16  0:37  Drone  
  17  0:48  Drone  
  18  0:59  Drone  
  18  1:04  Hatchery  
  18  1:05  Extractor  
  17  1:15  Spawning Pool  
  16  1:20  Drone  
  17  1:27  Drone  
  18  1:34  Drone  
  19  1:45  Overlord  
  19  2:04  Queen  
  19  2:05  Zergling x4  
  23  2:22  Metabolic Boost  
  23  2:25  Queen  
  25  2:36  Drone  
  25  2:37  Drone x2  
  28  2:44  Overlord  
  28  2:45  Overlord  
  28  2:59  Zergling x8  
  28  3:00  Zergling x2  
  31  3:21  Drone  
  31  3:22  Drone x3  
  31  3:26  Queen  
  37  3:28  Drone x2  
  37  3:33  Hatchery  
  38  3:41  Drone x2  
  38  3:43  Overlord  
  40  4:02  Pneumatized Carapace  
  40  4:06  Drone x4  
  40  4:07  Drone  
  45  4:11  Roach Warren  
  45  4:12  Drone x4, Evolution Chamber, Extractor  
  45  4:13  Extractor  
  45  4:22  Drone  
  45  4:23  Drone x3  
  49  4:27  Drone  
  49  4:28  Drone x2  
  53  4:31  Drone  
  53  4:49  Overlord x2  
  53  4:50  Overlord  
  53  4:53  Extractor  
  53  4:54  Extractor  
  51  5:00  Lair  
  51  5:03  Roach x3  
  51  5:05  Roach  
  59  5:20  Drone x2  
  61  5:24  Spore Crawler x2  
  61  5:25  Drone  
  61  5:26  Drone x3  
  61  5:27  Roach x4  
  71  5:37  Queen  
  71  5:38  Overlord x2  
  71  5:40  Zerg Missile Weapons Level 1  
  73  5:56  Drone x3  
  77  5:57  Drone x3  
  79  6:15  Queen  
  79  6:16  Nydus Network, Queen  
  79  6:18  Glial Reconstitution, Roach x3  
  88  6:20  Roach  
  88  6:23  Drone  
  88  6:24  Drone  
  92  6:27  Drone x2  
  92  6:29  Spore Crawler  
  93  6:34  Extractor  
  93  6:38  Overlord x2  
  92  6:41  Drone x4  
  92  6:42  Drone  
  101  6:47  Roach x3  
  103  7:03  Queen  
  103  7:04  Queen  
  103  7:06  Roach x4  
  115  7:11  Nydus Canal  
  115  7:18  Drone  
  115  7:19  Drone x3  
  115  7:20  Roach  
  115  7:22  Overlord x3  
  84  7:59  Roach x2  
  84  8:00  Roach x10  
  102  8:09  Zerg Missile Weapons Level 2  
  102  8:14  Roach x3  
  108  8:21  Evolution Chamber  
  107  8:28  Roach x3  
  111  8:46  Overlord x4  
  111  8:47  Overlord  
  111  8:49  Hatchery, Ravager x3  
  111  8:50  Ravager x3  
  97  9:23  Drone x3  
  97  9:24  Drone x4  
  98  9:50  Overseer  
  92  10:06  Roach x11  
  92  10:07  Roach, Hydralisk Den  
  116  10:09  Zerg Ground Armor Level 1  
  116  10:12  Drone x2  
  116  10:14  Spore Crawler, Queen  
  118  10:22  Roach x9  
  118  10:27  Drone  
  137  10:32  Nydus Canal  
  137  10:42  Drone x2  
  139  10:43  Drone  
  139  10:46  Extractor  
  139  10:48  Muscular Augments  
  139  10:49  Queen  
  102  11:18  Hydralisk x18  
  88  11:21  Drone  
  119  11:30  Infestation Pit  
  119  11:31  Roach x4  
  126  11:38  Overseer  
  126  11:39  Hatchery, Overseer  
  125  11:41  Zerg Melee Weapons Level 1  
  125  11:43  Hatchery  
  125  11:44  Drone x2  
  126  11:53  Roach x8  
  126  11:54  Roach x3  
  148  11:59  Grooved Spines  
  148  12:14  Roach x8  
  148  12:15  Roach x2  
  168  12:19  Overlord  
  168  12:20  Overlord x3  
  168  12:54  Drone x3  
  171  12:58  Extractor  
  171  13:04  Spire  
  169  13:05  Nydus Canal  
  169  13:07  Hatchery  
Show
View Real Time Build Order
Export as new Build Order

Hadduken Terran 

Build Orders: Gas First Reaper Expand 

Get SALT Encoding   

  12  0:00  SCV  
  14  0:17  SCV  
  14  0:21  Supply Depot  
  14  0:29  SCV  
  14  0:31  Refinery  
  15  0:45  Barracks  
  15  0:46  SCV  
  16  0:58  SCV  
  17  1:10  SCV  
  18  1:32  Reaper  
  19  1:34  Command Center  
  19  1:43  Orbital Command  
  19  1:56  Factory  
  20  2:09  SCV  
  20  2:12  Refinery  
  20  2:23  SCV  
  20  2:25  Barracks Reactor  
  21  2:36  SCV  
  21  2:41  Hellion  
  23  2:48  Engineering Bay  
  23  2:50  Engineering Bay  
  23  2:53  SCV  
  24  2:59  Orbital Command  
  24  3:02  Marine x2  
  26  3:15  Hellion  
  26  3:16  Terran Infantry Armor Level 1  
  28  3:23  Terran Infantry Weapons Level 1  
  28  3:24  Marine x2  
  29  3:31  SCV x2  
  31  3:43  Factory Reactor, Marine x2  
  33  3:50  SCV  
  33  3:51  SCV  
  33  3:53  Supply Depot  
  35  3:56  Starport  
  35  4:00  Supply Depot  
  35  4:06  Marine x2  
  37  4:15  SCV x2  
  39  4:20  Refinery  
  39  4:29  Hellion x2, Marine x2  
  45  4:33  Armory  
  45  4:36  Starport Reactor  
  45  4:41  SCV  
  45  4:42  SCV  
  47  4:47  Marine x2  
  49  4:56  Barracks  
  49  5:01  SCV x2  
  51  5:07  Marine x2  
  51  5:13  Supply Depot  
  53  5:15  SCV  
  54  5:21  Supply Depot  
  54  5:26  Terran Infantry Weapons Level 2  
  54  5:34  Terran Infantry Armor Level 2, SCV  
  55  5:39  SCV  
  55  5:40  Marine  
  55  5:41  Marine  
  58  5:44  Widow Mine  
  58  5:45  Barracks Tech Lab  
  58  5:48  Medivac  
  62  5:53  SCV x2  
  62  5:55  Widow Mine  
  66  5:58  Marine  
  66  6:02  Supply Depot  
  67  6:05  SCV  
  68  6:13  Stimpack  
  68  6:16  Command Center  
  68  6:18  Marine x2  
  70  6:23  Supply Depot, Marine  
  71  6:27  Supply Depot  
  71  6:29  Hellion  
  71  6:31  Hellion  
  75  6:36  SCV x2  
  77  6:41  Terran Vehicle Weapons Level 1  
  77  6:44  Marine x2  
  79  6:49  Supply Depot  
  79  6:50  SCV x2  
  81  7:01  Barracks  
  81  7:02  Barracks  
  81  7:13  Barracks Reactor  
  81  7:16  Viking  
  81  7:19  Command Center  
  81  7:20  Marine  
  86  7:23  Hellion, SCV  
  86  7:24  SCV  
  88  7:33  Orbital Command  
  85  7:38  Marine  
  66  8:03  Marine x3  
  67  8:12  Orbital Command  
  67  8:32  Terran Infantry Weapons Level 3, Terran Infantry Armor Level 3  
  67  8:33  SCV x2  
  69  8:35  Marine x3  
  69  8:37  Widow Mine  
  69  8:38  Widow Mine  
  69  8:40  SCV  
  77  8:41  Liberator  
  77  8:44  Liberator  
  77  8:54  SCV x2  
  77  8:55  Marine x3  
  82  8:56  Combat Shield  
  79  9:15  Marine x2  
  79  9:16  Marauder  
  77  9:22  Hellion x2, SCV x2  
  75  9:34  Marine x2  
  75  9:37  Marauder  
  77  10:00  Marine x2  
  77  10:01  Marauder  
  77  10:05  SCV x2  
  83  10:09  Orbital Command  
  83  10:15  Concussive Shells  
  83  10:19  Terran Vehicle Weapons Level 2  
  83  10:21  Barracks x2, Command Center  
  83  10:24  Marine x2, Marauder  
  83  10:25  Widow Mine  
  83  10:26  Widow Mine  
  83  10:28  SCV x2  
  93  10:33  Refinery  
  93  10:37  Refinery x2  
  93  10:38  SCV  
  93  10:40  SCV  
  96  10:42  SCV  
  96  10:46  Marine x2, Marauder  
  100  10:50  SCV  
  101  10:59  Liberator  
  92  11:11  Marine x3  
  74  11:12  Widow Mine  
  74  11:13  Widow Mine  
  74  11:29  Barracks Tech Lab  
  74  11:45  Barracks Tech Lab x2  
  74  11:47  Orbital Command  
  74  11:55  SCV x3  
  74  11:57  Marine x3  
  80  12:05  Marauder  
  80  12:06  Marauder  
  80  12:07  Factory, SCV  
  85  12:10  Starport Reactor, Widow Mine x2  
  85  12:14  Marine  
  90  12:17  SCV x3  
  86  12:38  Liberator x2  
  86  12:39  Marine x3  
  86  12:40  Marine x2  
  88  12:52  Factory Tech Lab  
  88  12:55  Hellion x2  
  88  12:56  SCV  
  88  12:57  Marine x4, SCV  
  88  12:58  Marine  
  105  12:59  Command Center  
  105  13:00  Refinery  
  105  13:10  Supply Depot  
  105  13:12  Supply Depot  
  103  13:15  Marine x3  
  103  13:16  Marauder  
Tags
 
Add a new tag
Caveats
  • Supply blocks, unpowered buildings, or Contaminate may cause inaccurate times.
  • Supply counts are checked every 10 seconds.